 Dungeon Crawl Stone Soup version 0.29.1-1-gd02db6906a (webtiles) character file.

Game seed: 15267506425540214153

195 EvilAshe the Slasher (level 6, 0/48 HPs)
             Began as a Human Fighter on Sept 27, 2022.
             Slain by an orc priest
             ... wielding a +0 club
              (2 damage)
             ... on level 4 of the Dungeon.
             The game lasted 00:05:57 (3663 turns).

EvilAshe the Slasher (Human Fighter)                Turns: 3663, Time: 00:05:57

Health: 0/48       AC: 12    Str: 19    XL:     6   Next: 4%
Magic:  6/6        EV:  7    Int:  8    God:
Gold:   182        SH:  4    Dex: 12    Spells: 5/5 levels left

rFire   . . .      SeeInvis .   a - +0 long sword
rCold   . . .      Faith    .   c - +0 buckler
rNeg    . . .      Spirit   .   r - +0 chain mail
rPois   .          Reflect  .   p - +2 helmet
rElec   .          Harm     .   (no cloak)
rCorr   .          Rampage  .   (no gloves)
Will    .....                   (no boots)
Stlth   ..........              (no amulet)
HPRegen 0.16/turn               (no ring)
MPRegen 0.10/turn               (no ring)

@: mighty
A: no striking features
a: no special abilities


You were on level 4 of the Dungeon.
You visited 1 branch of the dungeon, and saw 4 of its levels.

You collected 182 gold pieces.

Inventory:

Hand Weapons
 a - a +0 long sword (weapon)
Missiles
 f - 30 stones
 q - 2 silver javelins (quivered)
Armour
 c - a +0 buckler (worn)
 p - a +2 helmet (worn)
 r - a +0 chain mail (worn)
Scrolls
 g - a scroll of enchant armour {unknown}
 h - a scroll of teleportation
 j - a scroll of enchant weapon {unknown}
 k - a scroll of fear {unknown}
 m - a scroll of amnesia {unknown}
 n - a scroll of vulnerability {unknown}
Potions
 b - a potion of ambrosia
 e - a potion of attraction {unknown}
 i - a potion of mutation {unknown}
 o - 3 potions of curing


   Skills:
 + Level 4.0 Fighting
 * Level 4.3 Long Blades
 + Level 4.0 Armour
 - Level 3.0 Shields


You had 5 spell levels left.
You didn't know any spells.
Your spell library contained the following spells:

 Spells                   Type           Power      Damage    Failure   Level
 Corpse Rot               Necr/Pois/Air  0%         N/A       100%        4
 Dispel Undead            Necr           0%         3d6       100%        4
 Death Channel            Necr           0%         N/A       100%        6


Dungeon Overview and Level Annotations

Branches:
Dungeon (4/15)
 Temple: D:4-7

Altars:

Annotations:
D:3 Grinder


Message History

You hit the orc priest.
The orc priest is moderately wounded.
The orc priest miscasts a cantrip.
The orc hits you with a +0 falchion.
You barely miss the orc priest.
The orc priest is moderately wounded.
You block the orc priest's attack. The orc hits you but does no damage.
You closely miss the orc priest.
The orc priest is moderately wounded.
The orc priest hits you but does no damage.
The orc hits you but does no damage. The orc barely misses you.
The orc priest barely misses you.
You hit the orc priest but do no damage.
The orc priest is moderately wounded.
The orc priest hits you with a +0 club. The orc hits you but does no damage.
You barely miss the orc priest.
The orc priest is moderately wounded.
The orc priest calls down the wrath of Beogh upon you.
Beogh smites you! You block the orc's attack.
You hit the orc.
The orc is heavily wounded.
The orc priest mumbles some strange prayers to Beogh against you.
Beogh smites you!
* * * LOW HITPOINT WARNING * * *
You block the orc's attack.
You feel very mighty all of a sudden. The orc priest hits you with a +0 club.
* * * LOW HITPOINT WARNING * * *
The orc hits you but does no damage.
You slash the orc priest!
The orc priest is almost dead.
You block the orc priest's attack. The orc barely misses you.
You closely miss the orc priest.
The orc priest is almost dead.
An orc comes into view. It is wielding a +0 dagger.
The orc priest hits you but does no damage.
The orc hits you with a +0 falchion.
* * * LOW HITPOINT WARNING * * *
The orc priest hits you with a +0 club.
You die...

.##.. #.....# ......
#.....##........#
......##.....##....o....
.............#........#.
.......<.....#..........
.............+........#.
.............#.........#
...........o.#.......###
...........@.#..K.K....#
.#######...o.##'#####.#.
##...##.....##....##.)
#.....#.....o.........
#.....'..............5
#.....#..............o
#.....#..............$
#######...............
#...............


You could see an orc priest and 2 orcs.

Vanquished Creatures
  A scorpion (D:3)
  Robin (D:2)
  2 gnolls (D:3)
  3 adders
  A worm (D:2)
  A dart slug (D:3)
  3 orcs (D:4)
  4 bats
  6 endoplasms
  2 giant cockroaches
  14 goblins
  7 hobgoblins
  2 quokkas
  3 ball pythons
  6 frilled lizards
  6 kobolds
  8 rats
70 creatures vanquished.

Notes
Turn   | Place    | Note
-------+----------+-------------------------------------------
     0 | D:1      | EvilAshe the Human Fighter began the quest for the Orb.
     0 | D:1      | Reached XP level 1. HP: 18/18 MP: 1/1
   145 | D:1      | Reached XP level 2. HP: 7/24 MP: 2/2
   476 | D:1      | Found a faded altar of an unknown god.
   874 | D:1      | Reached XP level 3. HP: 29/29 MP: 3/3
  1533 | D:2      | Noticed Robin
  1543 | D:2      | Reached XP level 4. HP: 35/35 MP: 4/4
  2345 | D:2      | Killed Robin
  2498 | D:2      | Reached XP level 5. HP: 42/42 MP: 5/5
  3405 | D:3      | Noticed Grinder
  3406 | D:3      | Paralysed by Grinder for 2 turns
  3638 | D:4      | Reached XP level 6. HP: 48/48 MP: 6/6
  3663 | D:4      | HP: 2/48 [orc/+0 falchion (5)]
  3663 | D:4      | Slain by an orc priest

Illustrated notes

Levels and vault maps discovered:
D:1:      mrwooster_arrival_statue, layout_loops_cross,
          hellmonk_ecumenical_altar_blasted, minmay_pentomino_p4
D:2:      layout_loops_ring, grunt_ministairs_15, uniq_robin
D:3:      layout_basic, lemuel_zombie_altar_yredelemnul, uniq_grinder
D:4:      layout_gridville, minmay_misc_feat_plants, dk_vineyard_2,
          minivault_11, minmay_manual_monstrance

Skill      XL: |  1  2  3  4  5  6 |
---------------+-------------------+-----
Long Blades    | 3 4 |  4.3
Fighting       | 4 |  4.0
Armour         | 4 |  4.0
Shields        | |  3.0

Action                   |  1- 3 |  4- 6 || total
-------------------------+-------+-------++-------
Melee: Long sword        |   112 |   118 ||   230
Throw: Stone             |       |     6 ||     6
       Javelin           |       |     2 ||     2
  Use: Scroll            |       |     3 ||     3
       Potion            |       |     1 ||     1
Armor: Scale mail        |    60 |    30 ||    90
       Chain mail        |       |    16 ||    16
Dodge: Dodged            |    46 |    62 ||   108
Block: Buckler           |    14 |    31 ||    45
